[Event "42nd Olympiad Baku 2016 Open"]
[Site "Baku"]
[Date "2016.09.03"]
[Round "2.25"]
[White "Makoto, Rodwell"]
[Black "Seijp V/d, Quintin"]
[Result "1-0"]
[ECO "D12"]
[WhiteElo "2405"]
[BlackElo "1924"]
[Annotator ""]
[PlyCount "63"]
[EventDate "2016.??.??"]
[EventCountry "AZE"]
[SourceTitle "playchess.com"]
[Source "ChessBase"]
[WhiteTeam "Zimbabwe"]
[BlackTeam "ARU"]
[WhiteTeamCountry "ZIM"]
[TimeControl "40/5400+30:1800+30"]

1. d4 {(00:00)} d5 {(00:00)} 2. Nf3 {(00:00)} Nf6 {
(00:00)} 3. e3 {(00:00)} Bf5 {(00:25)} 4. c4 {(00:
21)} c6 {(01:06)} 5. Qb3 {(00:35)} Qb6 {(01:51)} 6. Nc3 {
(00:14)} e6 {(00:52)} 7. Be2 {(07:07)} Nbd7 {(12:
53)} 8. c5 {(13:07)} Qc7 {(04:16)} 9. Nh4 {(01:22)} Bg6 {
(05:36)} 10. g4 {(03:34)} Be7 {(07:04)} 11. f4 {(
03:47)} Be4 {(10:07)} 12. Rg1 {(04:55)} g5 {(03:03)} 13.
Nf3 {(00:44)} gxf4 {(10:26)} 14. exf4 {(00:54)} Rg8 {
(01:42)} 15. g5 {(03:19)} Bxf3 {(08:47)} 16. Bxf3 {
(00:09)} O-O-O {(01:39)} 17. Be3 {(04:04)} Ne8 {(
16:14)} 18. O-O-O {(01:23)} Nxc5 {(02:25)} 19. dxc5 {(01:
32)} d4 {(00:09)} 20. Ne4 {(01:17)} dxe3 {(01:08)} 21.
Rxd8+ {(00:42)} Qxd8 {(01:55)} 22. Qxe3 {(00:15)} Qa5 {
(01:17)} 23. Kb1 {(01:26)} f5 {(01:43)} 24. Nd6+ {(
00:50)} Kd7 {(05:07)} 25. Nxb7 {(00:26)} Qb5 {(01:57)} 26.
Rd1+ {(00:20)} Kc7 {(00:38)} 27. Qxe6 {(00:13)} Kxb7 {
(00:33)} 28. Qxg8 {(01:24)} Nc7 {(00:27)} 29. Qxh7 {
(00:26)} Qxc5 {(00:25)} 30. Rc1 {(00:25)} Qd6 {(00:
43)} 31. Bxc6+ {(00:23)} Kb6 {(00:19)} 32. Qxf5 {(00:12)}
1-0

[Event "42nd Olympiad Baku 2016 Open"]
[Site "Baku"]
[Date "2016.09.03"]
[Round "2.25"]
[White "Mansour, Sameer"]
[Black "Prasad, Calvin"]
[Result "1-0"]
[ECO "E62"]
[WhiteElo "2245"]
[BlackElo "2013"]
[Annotator ""]
[PlyCount "89"]
[EventDate "2016.??.??"]
[EventCountry "AZE"]
[SourceTitle "playchess.com"]
[Source "ChessBase"]
[WhiteTeam "Jordan"]
[BlackTeam "Fiji"]
[WhiteTeamCountry "JOR"]
[BlackTeamCountry "FIJ"]
[TimeControl "40/5400+30:1800+30"]

1. d4 {(00:09)} Nf6 {(00:17)} 2. c4 {(00:17)} g6 {(
00:18)} 3. Nc3 {(00:18)} Bg7 {(00:05)} 4. Nf3 {(01:20)} d6
{(00:33)} 5. g3 {(01:27)} c6 {(03:22)} 6. Bg2 {(00:
12)} d5 {(01:57)} 7. O-O {(00:17)} O-O {(00:31)} 8. cxd5 {
(04:48)} cxd5 {(00:07)} 9. Ne5 {(00:58)} Nc6 {(03:
57)} 10. Nxc6 {(10:11)} bxc6 {(00:11)} 11. Bf4 {(01:20)}
Ba6 {(18:55)} 12. Rc1 {(00:29)} Rc8 {(02:32)} 13. Re1 {
(02:45)} Re8 {(03:51)} 14. Na4 {(02:38)} Bb5 {(01:
22)} 15. Nc5 {(01:23)} Nd7 {(00:10)} 16. Bh3 {(10:38)}
Nxc5 {(03:19)} 17. Bxc8 {(03:12)} Nd3 {(01:38)} 18. exd3 {
(00:39)} Qxc8 {(00:06)} 19. a4 {(01:31)} Ba6 {(00:
38)} 20. Qc2 {(03:52)} Bxd4 {(11:11)} 21. Qxc6 {(06:07)}
Bxb2 {(05:09)} 22. Qxc8 {(00:24)} Bxc8 {(00:17)} 23. Rc7 {
(00:12)} e5 {(02:07)} 24. Bxe5 {(22:31)} Bf5 {(20:
20)} 25. Bc3 {(01:07)} Rxe1+ {(01:02)} 26. Bxe1 {(00:03)}
Bd4 {(03:01)} 27. Bc3 {(01:35)} Bb6 {(01:40)} 28. Rc6 {
(00:38)} d4 {(02:19)} 29. Bd2 {(01:07)} Bd7 {(06:
14)} 30. Rc4 {(00:03)} a5 {(00:48)} 31. Kf1 {(02:17)} Kg7
{(00:20)} 32. Bf4 {(00:10)} Kf6 {(00:48)} 33. Ke2 {
(00:26)} Ke6 {(01:00)} 34. Bc7 {(01:39)} Bxc7 {(00:
10)} 35. Rxc7 {(00:09)} Bxa4 {(00:01)} 36. Rc5 {(00:14)}
Kd6 {(03:29)} 37. Rxa5 {(00:13)} Bb3 {(00:04)} 38. g4 {
(00:22)} Bd5 {(01:00)} 39. f4 {(00:28)} h6 {(02:35]
} 40. h4 {(00:00)} Be6 {(00:00)} 41. Kf3 {(01:09)} Bd5+ {
(04:08)} 42. Kg3 {(09:14)} Bb3 {(01:43)} 43. h5 {(
01:39)} Bd5 {(01:17)} 44. Ra6+ {(00:29)} Bc6 {(00:33)} 45.
g5 {(00:08)} 1-0

[Event "42nd Olympiad Baku 2016 Open"]
[Site "Baku"]
[Date "2016.09.03"]
[Round "2.3"]
[White "Mapini, Otsile"]
[Black "Mathews, Cesar"]
[Result "0-1"]
[ECO "C50"]
[WhiteElo "1972"]
[BlackElo "2116"]
[Annotator ""]
[PlyCount "50"]
[EventDate "2016.??.??"]
[EventCountry "AZE"]
[SourceTitle "playchess.com"]
[Source "ChessBase"]
[WhiteTeam "Botswana"]
[BlackTeam "Panama"]
[WhiteTeamCountry "BOT"]
[BlackTeamCountry "PAN"]
[TimeControl "40/5400+30:1800+30"]

1. e4 {(00:00)} e5 {(00:00)} 2. Nf3 {(00:00)} Nc6 {
(00:00)} 3. Bc4 {(00:00)} Bc5 {(00:23)} 4. O-O {(
00:27)} d6 {(00:01)} 5. h3 {(00:04)} Nf6 {(06:13)} 6. d3 {
(00:21)} h6 {(06:21)} 7. Nc3 {(00:51)} g5 {(07:00)}
8. Nh2 {(16:36)} g4 {(02:51)} 9. hxg4 {(00:41)} Rg8 {
(00:05)} 10. g5 {(01:26)} hxg5 {(00:09)} 11. Na4 {(
00:11)} g4 {(12:26)} 12. Nxc5 {(00:23)} dxc5 {(00:11)} 13.
c3 {(04:25)} Qe7 {(15:21)} 14. Be3 {(09:39)} Bd7 {(
05:24)} 15. a3 {(00:20)} O-O-O {(06:24)} 16. b4 {(00:21)}
Nh7 {(03:21)} 17. bxc5 {(04:53)} Qh4 {(02:19)} 18. Rb1 {
(04:05)} Ng5 {(06:01)} 19. Bxg5 {(13:48)} Rxg5 {(
00:09)} 20. f4 {(10:30)} gxf3 {(06:33)} 21. Rxf3 {(03:17)}
Rh8 {(00:59)} 22. Nf1 {(00:57)} Qh1+ {(01:57)} 23. Kf2 {
(00:19)} Rxg2+ {(00:04)} 24. Ke1 {(01:05)} Qh4+ {(
00:24)} 25. Rg3 {(00:29)} Rxg3 {(00:17)} 0-1

[Event "42nd Olympiad Baku 2016 Open"]
[Site "Baku"]
[Date "2016.09.03"]
[Round "2.27"]
[White "Masango, Spencer"]
[Black "Pesqueira, Jose"]
[Result "1-0"]
[ECO "A05"]
[WhiteElo "2200"]
[BlackElo "1889"]
[Annotator ""]
[PlyCount "129"]
[EventDate "2016.??.??"]
[EventCountry "AZE"]
[SourceTitle "playchess.com"]
[Source "ChessBase"]
[WhiteTeam "Zimbabwe"]
[BlackTeam "ARU"]
[WhiteTeamCountry "ZIM"]
[TimeControl "40/5400+30:1800+30"]

1. Nf3 {(00:01)} Nf6 {(00:00)} 2. c4 {(00:11)} e6 {
(00:41)} 3. Nc3 {(00:36)} d5 {(01:08)} 4. d4 {(00:
32)} Nbd7 {(02:07)} 5. Bf4 {(01:38)} c6 {(02:46)} 6. e3 {
(00:52)} Be7 {(01:20)} 7. Bd3 {(01:51)} O-O {(00:
48)} 8. O-O {(00:22)} Re8 {(05:14)} 9. h3 {(00:39)} Nf8 {
(01:01)} 10. e4 {(03:30)} dxe4 {(01:32)} 11. Nxe4 {
(00:37)} Nxe4 {(00:05)} 12. Bxe4 {(00:08)} Ng6 {(
01:48)} 13. Be3 {(07:29)} Bf6 {(11:12)} 14. b4 {(06:16)}
Qe7 {(04:05)} 15. Qb3 {(01:01)} e5 {(26:48)} 16. d5 {
(01:50)} cxd5 {(00:03)} 17. cxd5 {(00:12)} Qd7 {(
12:16)} 18. Rac1 {(01:51)} Bd8 {(01:20)} 19. Rfd1 {(01:07]
} Kh8 {(03:41)} 20. d6 {(02:00)} f5 {(03:50)} 21. Bd5 {
(16:53)} Rf8 {(00:14)} 22. Ng5 {(04:00)} Bxg5 {(01:
32)} 23. Bxg5 {(00:31)} h6 {(01:04)} 24. Qf3 {(04:14)} Rb8
{(08:31)} 25. Qh5 {(01:14)} Nf4 {(00:25)} 26. Bxf4 {
(01:39)} exf4 {(00:02)} 27. Bb3 {(01:28)} Qd8 {(06:
30)} 28. d7 {(02:15)} Bxd7 {(00:05)} 29. Rd6 {(02:57)} Rf6
{(01:59)} 30. Qd1 {(03:37)} Rxd6 {(00:47)} 31. Qxd6 {
(01:45)} Bc6 {(01:02)} 32. Qxf4 {(00:18)} Qf8 {(00:
54)} 33. Be6 {(01:57)} Re8 {(00:50)} 34. Qxf5 {(05:53)}
Qxf5 {(00:06)} 35. Bxf5 {(00:09)} a6 {(00:24)} 36. Rd1 {
(01:31)} Kg8 {(01:09)} 37. Bg6 {(01:12)} Rf8 {(00:
33)} 38. Rd6 {(01:03)} Rc8 {(00:34)} 39. Rd4 {(05:15)} Rf8
{(00:30)} 40. f4 {(00:00)} Be8 {(00:00)} 41. Bxe8 {
(03:38)} Rxe8 {(00:30)} 42. Rd7 {(01:15)} Re4 {(00:
37)} 43. Rxb7 {(00:12)} Rxf4 {(00:28)} 44. Rb6 {(00:24)}
Kf7 {(00:59)} 45. a3 {(00:18)} a5 {(03:21)} 46. Rb5 {
(02:35)} axb4 {(00:22)} 47. axb4 {(01:00)} Ke6 {(
05:04)} 48. Rb8 {(00:50)} Kd6 {(04:00)} 49. Rb7 {(00:32)}
g5 {(02:02)} 50. Rb6+ {(06:10)} Kc7 {(00:03)} 51. Rxh6 {
(00:24)} Rxb4 {(00:03)} 52. Rh5 {(00:20)} Rb5 {(00:
10)} 53. h4 {(00:40)} Rb1+ {(00:35)} 54. Kh2 {(00:03)}
gxh4 {(00:19)} 55. Rxh4 {(00:05)} Kd6 {(00:24)} 56. Re4 {
(00:07)} Rb5 {(05:51)} 57. Kh3 {(00:23)} Re5 {(00:
09)} 58. Rxe5 {(00:11)} Kxe5 59. Kg4 Kf6 {(01:40)} 60. Kh5 {
(00:37)} Kg7 {(00:21)} 61. Kg5 {(00:05)} Kf7 {(02:
47)} 62. Kh6 {(00:11)} Kg8 {(00:04)} 63. g4 {(00:41)} Kh8
{(00:18)} 64. g5 {(00:25)} Kg8 {(00:15)} 65. Kg6 {(
00:08)} 1-0

[Event "42nd Olympiad Baku 2016 Open"]
[Site "Baku"]
[Date "2016.09.03"]
[Round "2.13"]
[White "Mavuso, Lunga"]
[Black "Guillen Ramirez, Jose Antonio"]
[Result "0-1"]
[ECO "A45"]
[WhiteElo "1516"]
[BlackElo "2269"]
[Annotator ""]
[PlyCount "78"]
[EventDate "2016.??.??"]
[EventCountry "AZE"]
[SourceTitle "playchess.com"]
[Source "ChessBase"]
[WhiteTeam "SWZ"]
[BlackTeam "Honduras"]
[BlackTeamCountry "HON"]
[TimeControl "40/5400+30:1800+30"]

1. d4 {(00:00)} Nf6 {(00:00)} 2. Bf4 {(00:00)} g6 {
(00:04)} 3. e3 {(00:00)} Bg7 {(00:10)} 4. Be2 {(00:
31)} d6 {(00:35)} 5. h3 {(00:17)} O-O {(00:41)} 6. Nf3 {
(00:00)} Nbd7 {(01:11)} 7. Nbd2 {(00:07)} Re8 {(00:
28)} 8. g4 {(01:45)} c6 {(02:12)} 9. Rg1 {(02:33)} e5 {
(01:01)} 10. Bg5 {(05:10)} Qa5 {(03:25)} 11. c3 {(
01:48)} exd4 {(04:42)} 12. exd4 {(05:01)} c5 {(05:29)} 13.
Nc4 {(00:52)} Qa6 {(07:02)} 14. Qc2 {(09:11)} Qxc4 {
(01:02)} 15. Be3 {(01:24)} Qe6 {(01:13)} 16. O-O-O {
(00:18)} Qxa2 {(00:32)} 17. h4 {(01:20)} Nd5 {(02:
24)} 18. h5 {(07:33)} Nxe3 {(00:48)} 19. fxe3 {(00:20)}
Nf8 {(01:16)} 20. Bd3 {(01:32)} Be6 {(01:20)} 21. Qh2 {
(02:09)} Bb3 {(01:04)} 22. Rde1 {(03:59)} Qa1+ {(
05:19)} 23. Bb1 {(01:59)} Rac8 {(00:37)} 24. Nd2 {(02:26)}
Ba4 {(00:51)} 25. d5 {(01:06)} Bxc3 {(01:19)} 26. Nc4 {
(02:20)} Bxe1 {(01:59)} 27. Rxe1 {(00:18)} Bb3 {(
01:18)} 28. Nxd6 {(08:58)} Ba2 {(02:57)} 29. Qc2 {(01:29)}
Bxb1 {(00:17)} 30. Qxb1 {(00:07)} Qxb1+ {(00:31)} 31. Kxb1
{(00:03)} Rcd8 {(00:17)} 32. Nxe8 {(02:12)} Rxe8 {(
00:06)} 33. e4 {(00:14)} Nd7 {(00:05)} 34. hxg6 {(01:30)}
hxg6 {(00:08)} 35. Kc2 Nf6 {(00:35)} 36. d6 {(01:45)} Nxg4
{(00:18)} 37. Kc3 {(01:35)} Ne5 {(00:05)} 38. b4 {(
04:32)} cxb4+ 39. Kd4 {(00:00)} Nf3+ {(00:00)} 0-1

[Event "42nd Olympiad Baku 2016 Open"]
[Site "Baku"]
[Date "2016.09.03"]
[Round "2.13"]
[White "Mdoe, Yusuf"]
[Black "Wojciechowski, Paul"]
[Result "0-1"]
[ECO "D85"]
[WhiteElo "1758"]
[BlackElo "1992"]
[Annotator ""]
[PlyCount "110"]
[EventDate "2016.??.??"]
[EventCountry "AZE"]
[SourceTitle "playchess.com"]
[Source "ChessBase"]
[WhiteTeam "Tanzania"]
[BlackTeam "Channel Islands"]
[WhiteTeamCountry "TAN"]
[BlackTeamCountry "JCI"]
[TimeControl "40/5400+30:1800+30"]

1. d4 Nf6 2. c4 g6 3. Nc3 d5 4. cxd5 Nxd5 5. e4 Nxc3 6. bxc3 Bg7 7. Nf3 O-O 8.
Bd3 c5 9. Be3 Nc6 10. Be2 Qa5 11. Bd2 Qc7 12. d5 Ne5 13. Nxe5 {(16:31)}
Bxe5 {(32:26)} 14. g3 {(00:56)} e6 {(05:40)} 15. Rc1 {
(02:34)} exd5 {(05:32)} 16. exd5 {(00:13)} Bh3 {(
08:45)} 17. f4 {(00:57)} Bg7 {(04:29)} 18. Kf2 {(00:32)}
Bf5 {(02:01)} 19. Bf3 {(00:34)} c4 {(07:35)} 20. Re1 {
(03:55)} Rad8 {(06:14)} 21. Be3 {(05:40)} Qa5 {(04:
25)} 22. Qd2 {(02:48)} Rfe8 {(01:22)} 23. Qb2 {(02:33)} b6
{(04:11)} 24. g4 {(09:28)} Bd3 {(08:00)} 25. Bd2 {(
02:36)} Qc5+ {(01:13)} 26. Kg3 {(01:22)} Qd6 {(01:10)} 27.
Qb5 {(01:50)} Kf8 {(02:41)} 28. h4 {(03:06)} Bf6 {(
01:11)} 29. Qb4 {(01:37)} Be7 {(01:11)} 30. Qxd6 {(03:17)}
Bxd6 {(00:05)} 31. g5 {(03:07)} f6 {(01:11)} 32. gxf6 {
(03:13)} Kf7 {(00:15)} 33. Be3 {(01:47)} Kxf6 {(01:
59)} 34. Bd4+ {(00:59)} Kf7 {(00:05)} 35. Re3 {(04:08)}
Rxe3 {(00:52)} 36. Bxe3 {(00:04)} Re8 {(01:49)} 37. Re1 {
(00:11)} b5 {(01:08)} 38. Bf2 {(01:27)} Rxe1 {(00:
31)} 39. Bxe1 {(00:03)} a5 {(00:34)} 40. Bf2 {(00:00)} b4
{(00:00)} 41. cxb4 {(17:34)} axb4 {(01:03)} 42. Bd4 {
(00:34)} c3 {(02:02)} 43. Bg4 {(00:45)} Bc4 {(05:
10)} 44. Bd1 {(10:42)} Bxa2 {(00:27)} 45. Bc2 {(00:31)}
Bxd5 {(02:08)} 46. Kg4 Be7 47. h5 {(19:01)} Bf6 {(01:27)}
48. hxg6+ {(01:42)} hxg6 {(00:05)} 49. Be3 {(00:44)} b3 {
(00:29)} 50. Bxb3 {(00:52)} Bxb3 {(00:09)} 51. Kf3 {
(01:05)} Ke6 {(02:44)} 52. Bc1 {(01:57)} Kf5 {(01:
40)} 53. Ke2 {(02:35)} Ke4 {(00:41)} 54. Ba3 {(02:19)}
Kxf4 {(01:05)} 55. Kd3 {(00:33)} c2 {(01:30)} 0-1

[Event "42nd Olympiad Baku 2016 Open"]
[Site "Baku"]
[Date "2016.09.03"]
[Round "2.16"]
[White "Medina Viana, Ricardo"]
[Black "Matsebula Qiniso"]
[Result "1-0"]
[ECO "B30"]
[WhiteElo "2016"]
[BlackElo "1301"]
[Annotator ""]
[PlyCount "51"]
[EventDate "2016.??.??"]
[EventCountry "AZE"]
[SourceTitle "playchess.com"]
[Source "ChessBase"]
[WhiteTeam "Honduras"]
[BlackTeam "SWZ"]
[WhiteTeamCountry "HON"]
[TimeControl "40/5400+30:1800+30"]

1. e4 {(00:00)} c5 {(00:00)} 2. Nf3 {(00:00)} Nc6 {
(00:02)} 3. Nc3 {(01:37)} e5 {(01:38)} 4. Bc4 {(00:
44)} d6 {(02:02)} 5. h3 {(00:34)} h6 {(01:15)} 6. d3 {
(02:04)} Nf6 {(01:54)} 7. a3 {(01:45)} Be7 {(01:45]
} 8. Bd2 {(01:08)} a6 {(01:57)} 9. O-O {(08:41)} Bd7 {
(02:32)} 10. Nh2 {(02:08)} O-O {(02:20)} 11. f4 {(
01:09)} Nd4 {(02:50)} 12. f5 {(09:55)} Bc6 {(03:32)} 13.
Ng4 {(06:09)} Qb6 {(05:46)} 14. Rb1 {(02:57)} Qa7 {
(03:28)} 15. Nxf6+ {(03:52)} Bxf6 {(00:45)} 16. Nd5 {
(00:31)} Bxd5 17. Bxd5 c4 {(08:27)} 18. Kh2 {(06:28)} cxd3
{(03:38)} 19. cxd3 {(01:15)} Rac8 {(00:21)} 20. Qh5 {
(00:53)} Rc2 {(02:35)} 21. Bxh6 {(03:02)} Ne2 {(05:
33)} 22. Bb3 {(08:40)} Rc5 {(03:14)} 23. Qg4 {(08:30)} Nd4
24. Bxg7 Bxg7 {(08:22)} 25. f6 {(00:41)} Ne6 {(04:06)} 26.
Bxe6 {(00:52)} 1-0

[Event "42nd Olympiad Baku 2016 Open"]
[Site "Baku"]
[Date "2016.09.03"]
[Round "2.33"]
[White "Mesfin, Leykun"]
[Black "Lodhi, Mahmood"]
[Result "1/2-1/2"]
[ECO "C97"]
[WhiteElo "2129"]
[BlackElo "2334"]
[Annotator ""]
[PlyCount "261"]
[EventDate "2016.??.??"]
[EventCountry "AZE"]
[SourceTitle "playchess.com"]
[Source "ChessBase"]
[WhiteTeam "Ethiopia"]
[BlackTeam "Pakistan"]
[WhiteTeamCountry "ETH"]
[BlackTeamCountry "PAK"]
[TimeControl "40/5400+30:1800+30"]

1. e4 {(00:00)} e5 {(00:00)} 2. Nf3 {(00:21)} Nc6 {
(00:00)} 3. Bb5 {(00:10)} a6 {(00:00)} 4. Ba4 {(00:
05)} Nf6 {(00:00)} 5. O-O {(02:56)} Be7 {(00:40)} 6. Re1 {
(00:23)} b5 {(00:03)} 7. Bb3 {(00:08)} O-O {(00:28]
} 8. c3 {(01:39)} d6 {(00:13)} 9. h3 {(00:58)} Na5 {
(00:16)} 10. Bc2 {(00:23)} c5 {(00:20)} 11. d4 {(
00:53)} Qc7 {(00:06)} 12. Nbd2 {(01:40)} Bd7 {(01:33)} 13.
d5 {(02:25)} c4 {(00:12)} 14. Nf1 {(00:15)} Nb7 {(
00:14)} 15. Ng3 {(00:22)} Nc5 {(00:59)} 16. Bg5 {(03:10)}
g6 {(02:09)} 17. Qd2 {(03:06)} a5 {(00:42)} 18. Rad1 {
(02:16)} Qb6 {(10:55)} 19. Kh2 {(13:45)} b4 {(01:
12)} 20. Bh4 {(03:48)} b3 {(08:36)} 21. axb3 {(03:23)}
cxb3 {(01:01)} 22. Bb1 {(00:20)} a4 {(00:38)} 23. Qh6 {
(01:08)} Rfe8 {(03:35)} 24. Bg5 {(09:15)} a3 {(02:
47)} 25. bxa3 {(00:25)} Rxa3 {(00:06)} 26. Qh4 {(01:06)}
Qd8 {(01:07)} 27. Kg1 {(00:40)} Ra6 {(17:14)} 28. Re3 {
(15:15)} h5 {(12:12)} 29. Nxe5 {(27:41)} dxe5 {(00:
11)} 30. d6 {(00:07)} Rxd6 {(00:21)} 31. Rxd6 {(00:18)}
Bxd6 {(00:02)} 32. Bxf6 {(00:14)} Be7 {(03:11)} 33. Nxh5 {
(00:47)} Bxf6 {(01:45)} 34. Nxf6+ {(02:48)} Kg7 {(
00:06)} 35. Nxe8+ {(01:26)} Qxe8 {(00:02)} 36. f4 {(00:26]
} Qb8 {(01:19)} 37. f5 {(00:21)} Qb6 {(00:25)} 38. Kh2 {
(00:44)} Qf6 {(02:19)} 39. Qf2 {(01:14)} Qd6 {(01:
44)} 40. fxg6 {(00:00)} fxg6 {(00:00)} 41. Qe2 {(05:20)}
Be6 {(01:56)} 42. Rf3 {(01:09)} Qd7 {(02:24)} 43. Rf1 {
(02:13)} Qc6 {(07:46)} 44. Qf3 {(06:16)} Nd7 {(02:
40)} 45. Rd1 {(01:02)} Qc5 {(06:22)} 46. Qd3 {(01:15)} Qf2
{(03:15)} 47. Qd2 {(03:16)} Qf4+ {(04:39)} 48. Qxf4 {
(00:48)} exf4 {(00:03)} 49. c4 {(02:13)} Kf6 {(00:
53)} 50. e5+ {(02:34)} Nxe5 {(03:36)} 51. c5 {(00:12)} b2
{(00:58)} 52. c6 {(00:38)} Nxc6 {(00:35)} 53. Rd2 {
(00:08)} Ne5 {(00:43)} 54. Rxb2 {(00:08)} g5 {(00:
03)} 55. Rb6 {(00:43)} Nd7 {(01:17)} 56. Rc6 {(00:35)} Ke5
{(00:09)} 57. Kg1 {(00:54)} Nf6 {(00:24)} 58. Rc5+ {
(01:08)} Nd5 {(02:20)} 59. Ba2 {(00:45)} Kd4 {(06:
20)} 60. Bxd5 {(00:18)} Bxd5 {(00:06)} 61. Rc8 {(00:21)}
Be6 {(01:05)} 62. Re8 {(00:28)} Ke5 {(00:14)} 63. Kf2 {
(00:06)} Kf6 {(00:20)} 64. Rb8 {(00:15)} Bf7 {(03:
03)} 65. Rb6+ {(00:17)} Kf5 {(00:20)} 66. g3 {(01:20)}
fxg3+ {(00:16)} 67. Kxg3 {(00:02)} Bh5 {(00:17)} 68. Rb8 {
(00:42)} Be2 {(01:34)} 69. Rf8+ {(00:40)} Kg6 {(00:
10)} 70. Rf2 {(00:19)} Bc4 {(00:55)} 71. Rc2 {(00:20)} Be6
{(00:25)} 72. Rc5 {(00:36)} Kf6 {(00:13)} 73. Ra5 {
(00:39)} Bc8 {(00:26)} 74. Rb5 {(01:00)} Bd7 {(00:
14)} 75. Rb6+ {(00:10)} Kf5 {(00:11)} 76. Kf3 {(01:55)}
Ke5 {(01:51)} 77. Rh6 {(01:16)} Kf5 {(00:30)} 78. Ke3 {
(00:57)} Ke5 {(01:16)} 79. Rh8 {(02:41)} Bf5 {(01:
32)} 80. Rh5 {(01:22)} Kf6 {(00:12)} 81. h4 {(03:46)} gxh4
{(00:16)} 82. Rxh4 {(00:02)} Kg5 {(01:00)} 83. Ra4 {
(00:05)} Bc2 {(00:33)} 84. Ra5+ {(00:08)} Kg4 {(00:
14)} 85. Rc5 {(00:30)} Bf5 {(02:04)} 86. Rc7 {(00:38)} Bb1
{(01:17)} 87. Rb7 {(00:49)} Bc2 {(00:35)} 88. Rc7 {
(00:26)} Bb1 {(00:35)} 89. Rg7+ {(00:56)} Kf5 {(00:
27)} 90. Rg1 {(00:13)} Ba2 {(00:41)} 91. Kd4 {(00:12)} Bf7
{(01:36)} 92. Rf1+ {(00:09)} Ke6 {(00:14)} 93. Re1+ {
(00:10)} Kf6 {(00:11)} 94. Re5 {(00:07)} Be6 {(00:
38)} 95. Rb5 {(00:08)} Bf7 {(01:15)} 96. Ke4 {(00:05)}
Bg6+ {(00:25)} 97. Kf4 {(00:01)} Bd3 {(00:22)} 98. Rb6+ {
(00:10)} Kg7 {(00:19)} 99. Kg5 {(00:03)} Kf7 {(00:
09)} 100. Rf6+ {(00:31)} Ke7 {(00:03)} 101. Rf3 {(00:05)}
Bc2 {(00:43)} 102. Rc3 {(00:41)} Bb1 {(00:17)} 103. Rb3 {
(03:06)} Bc2 {(00:23)} 104. Rb2 {(00:17)} Bd3 {(00:
16)} 105. Kf4 {(00:35)} Kf6 {(00:39)} 106. Rb6+ {(00:13)}
Kg7 {(00:42)} 107. Ke5 {(00:02)} Bc4 {(00:40)} 108. Rd6 {
(00:29)} Bb3 {(01:01)} 109. Rd4 {(00:48)} Bc2 {(01:
05)} 110. Rf4 {(00:02)} Bd3 {(00:40)} 111. Ke6 {(00:07)}
Bc2 {(01:02)} 112. Rg4+ {(00:13)} Kh6 {(00:13)} 113. Kf6 {
(00:13)} Kh5 {(00:10)} 114. Rg2 {(01:45)} Be4 {(00:
26)} 115. Rb2 {(00:14)} Bd3 {(00:31)} 116. Rb3 {(00:41)}
Bc2 {(00:13)} 117. Rc3 {(00:12)} Bb1 {(00:10)} 118. Rc4 {
(02:27)} Bd3 {(00:19)} 119. Rb4 {(00:10)} Bc2 {(00:
18)} 120. Rb2 {(00:36)} Bd3 {(00:26)} 121. Ra2 {(00:36)}
Bb1 {(00:18)} 122. Rd2 {(00:05)} Be4 {(00:17)} 123. Ke5 {
(00:12)} Bb1 {(00:33)} 124. Kf4 {(00:09)} Kg6 {(00:
14)} 125. Rd6+ {(00:39)} Kg7 {(00:19)} 126. Kg5 {(00:25)}
Kf7 {(00:07)} 127. Rf6+ {(00:21)} Ke7 {(00:02)} 128. Rf2 {
(00:42)} Bd3 {(00:11)} 129. Rd2 {(00:03)} Bb1 {(00:
34)} 130. Re2+ {(00:28)} Kf7 {(00:15)} 131. Rb2 {(00:28)}
1/2-1/2

[Event "42nd Olympiad Baku 2016 Open"]
[Site "Baku"]
[Date "2016.09.03"]
[Round "2.5"]
[White "Michaelides, Konstantinos"]
[Black "Song, Raymond"]
[Result "0-1"]
[ECO "B06"]
[WhiteElo "2060"]
[BlackElo "2170"]
[Annotator ""]
[PlyCount "126"]
[EventDate "2016.??.??"]
[EventCountry "AZE"]
[SourceTitle "playchess.com"]
[Source "ChessBase"]
[WhiteTeam "Cyprus"]
[BlackTeam "Taiwan"]
[WhiteTeamCountry "CYP"]
[BlackTeamCountry "TPE"]
[TimeControl "40/5400+30:1800+30"]

1. e4 {(00:00)} g6 {(00:00)} 2. d4 {(00:08)} Bg7 {(
00:06)} 3. Nc3 {(00:46)} a6 {(00:04)} 4. a4 {(03:45)} d6 {
(00:28)} 5. Be3 {(02:17)} Nf6 {(01:22)} 6. h3 {(01:
41)} O-O {(01:49)} 7. Qd2 {(03:08)} d5 {(05:05)} 8. e5 {
(06:06)} Ne4 {(02:28)} 9. Nxe4 {(02:40)} dxe4 {(00:
02)} 10. Bc4 {(07:08)} c5 {(06:39)} 11. c3 {(03:14)} Kh8 {
(03:20)} 12. Ne2 {(02:06)} cxd4 {(03:57)} 13. cxd4 {
(00:26)} f6 {(00:34)} 14. exf6 {(05:43)} exf6 {(00:
00)} 15. Nc3 {(17:56)} f5 {(01:37)} 16. Ba2 {(10:18)} Nc6
{(00:43)} 17. O-O-O {(04:46)} b5 {(01:39)} 18. Bd5 {
(01:29)} Bb7 {(01:22)} 19. Bxc6 {(02:39)} Bxc6 {(
00:05)} 20. d5 {(00:03)} b4 {(03:27)} 21. Bd4 {(02:42)}
Bd7 {(05:16)} 22. Bxg7+ {(01:43)} Kxg7 {(00:06)} 23. Qd4+
{(00:12)} Kg8 {(00:02)} 24. Qxb4 {(00:36)} Rb8 {(
00:01)} 25. Qd4 {(00:48)} Qa5 {(14:01)} 26. d6 {(02:59)}
Rb4 {(07:40)} 27. Qd5+ {(03:17)} Qxd5 {(00:04)} 28. Rxd5 {
(00:31)} Rfb8 {(00:05)} 29. Rd2 {(02:13)} a5 {(00:
05)} 30. Rhd1 {(00:53)} Kf7 {(00:29)} 31. Re2 {(02:14)}
Bxa4 {(01:51)} 32. Rd5 {(01:00)} Bb5 {(01:35)} 33. Red2 {
(00:51)} Bd3 {(00:15)} 34. Rxa5 {(02:36)} Ke6 {(00:
09)} 35. f3 {(01:01)} Rd4 {(00:37)} 36. f4 {(03:31)} Rxd6
{(00:41)} 37. Re5+ {(00:11)} Kf7 {(00:22)} 38. Rd5 {
(00:50)} Ra6 {(00:17)} 39. R2xd3 {(03:15)} exd3 {(
00:05)} 40. Rxd3 {(00:00)} Ra1+ {(00:00)} 41. Kc2 {(00:36]
} Rf1 {(00:10)} 42. Rd7+ {(04:32)} Ke6 {(00:25)} 43. Rxh7
{(00:17)} Rf2+ {(00:35)} 44. Kd3 {(00:06)} Rbxb2 {(
00:28)} 45. Ra7 {(03:05)} Rxg2 {(00:35)} 46. Ra6+ {(00:34]
} Kf7 {(00:06)} 47. Ra7+ {(01:13)} Ke6 {(00:13)} 48. Ra6+
{(00:28)} Kd7 {(00:06)} 49. Nd5 {(02:30)} Rgd2+ {(
09:11)} 50. Kc4 {(00:21)} Rbc2+ {(00:17)} 51. Nc3 {(00:06]
} Rd6 {(00:39)} 52. Ra7+ {(00:55)} Ke6 {(00:08)} 53. Kb3 {
(00:30)} Rh2 {(00:14)} 54. Rg7 {(02:11)} Kf6 {(00:
25)} 55. Rh7 {(00:28)} Rf2 {(01:44)} 56. Kb4 {(04:41)}
Rxf4+ {(00:47)} 57. Kc5 {(00:14)} Rfd4 {(00:03)} 58. h4 {
(01:08)} Rd7 {(00:18)} 59. Rh8 {(00:37)} Kg7 {(00:
04)} 60. Ra8 {(01:25)} Rxh4 {(00:05)} 61. Nd5 {(00:04)}
Rh1 {(00:18)} 62. Kc6 {(00:28)} Rf7 {(00:04)} 63. Kd6 {
(00:14)} f4 {(00:11)} 0-1